 Dungeon Crawl Stone Soup version 0.30.1-4-g462c640d31 (webtiles) character file.

Game seed: 18387328024692825596

128 Cheops the Conjurer (level 4, 0/24 HPs)
             Began as a Deep Elf Conjurer on Aug 28, 2023.
             Succumbed to a kobold brigand's curare-tipped dart
             ... in a sewer.
             The game lasted 00:05:40 (2031 turns).

Cheops the Conjurer (Deep Elf Conjurer)             Turns: 2031, Time: 00:05:41

Health: 0/24       AC:  3    Str:  4    XL:     4   Next: 87%
Magic:  9/13       EV: 12    Int: 25    God:
Gold:   77         SH:  0    Dex: 13    Spells: 7/13 levels left

rFire   + . .        (no weapon)
rCold   . . .        (no shield)
rNeg    . . .        a - +0 robe
rPois   .            (no helmet)
rElec   .            i - +0 cloak
rCorr   .            (no gloves)
SInv    .            (no boots)
Will    .....        (no amulet)
Stlth   ++           h - ring of protection from fire
HPRegen 0.24/turn    (no ring)
MPRegen 0.13/turn

%: no passive effects
@: lethally poisoned (0 -> -4), slowed, invisible, very slow
A: no striking features
a: no special abilities


You were in a sewer.
You visited 1 branch of the dungeon, and saw 4 of its levels.
You also visited: Sewer.

You collected 77 gold pieces.

Inventory:

Armour
 a - a +0 robe (worn)
 i - a +0 cloak (worn)
Jewellery
 h - a ring of protection from fire (left hand)
Scrolls
 c - a scroll of brand weapon {unknown}
 e - a scroll of vulnerability
 g - 4 scrolls of teleportation
Potions
 b - a potion of magic
 f - a potion of invisibility


   Skills:
 - Level 2.4 Dodging
 - Level 2.4 Stealth
 - Level 5.0 Spellcasting
 - Level 6.0 Conjurations
 + Level 0.2 Hexes


You had 7 spell levels left.
You knew the following spells:

 Your Spells              Type           Power      Damage    Failure   Level
a - Magic Dart            Conj           100%       1d8       1%          1
b - Searing Ray           Conj           72%        2d7       1%          2
d - Dazzling Flash        Conj/Hex       42%        N/A       7%          3

Your spell library contained the following spells:

 Spells                   Type           Power      Damage    Failure   Level
 Fulminant Prism          Conj/Hex       10%        3d8       22%         4
 Iskenderun's Mystic Bla  Conj/Tloc      21%        2d6       24%         4


Dungeon Overview and Level Annotations

Branches:
Dungeon (4/15)              Sewer (1/1)
 Temple: D:4-7

Altars:

Annotations:
D:4 Edmund


Message History

Aiming: Searing Ray (safe; 1% risk of failure)
Press: ? - help, Shift-Dir - straight line, f - kobold brigand
Aim: a kobold brigand, wielding a +0 dagger and quivering curare-tipped darts (wandering, hasn't noticed you, 76% to hit)
The searing ray hits the kobold.
You kill the kobold!
The searing ray misses the kobold brigand. (Press . to maintain the ray.)
The kobold brigand shouts!
The kobold throws a poisoned dart.
The poisoned dart barely misses you.
Training target 6.0 for Conjurations reached!
Your Conjurations skill increases to level 6!
You need to enable at least one skill for training.
The searing ray hits the kobold!
You kill the kobold!
The searing ray hits the kobold brigand.
The kobold brigand is lightly wounded.
The kobold brigand throws a curare-tipped dart.
The curare-tipped dart hits you.
You are poisoned.
You have difficulty breathing.
You feel yourself slow down.
The searing ray hits the kobold.
You kill the kobold!
The searing ray hits the kobold brigand.
The kobold brigand is moderately wounded.
* * * LOW HITPOINT WARNING * * *
You feel very sick.
The searing ray hits the kobold brigand.
The kobold brigand is heavily wounded.
The searing ray misses the kobold.
You finish channelling your searing ray.
* * * LOW HITPOINT WARNING * * *
You feel very sick.
It was a potion of invisibility.
You fade into invisibility!
* * * LOW HITPOINT WARNING * * *
You feel very sick.
* * * LOW HITPOINT WARNING * * *
You feel sick.
Okay, then.
You die...

...~≈≈≈≈....####
..#†≈≈≈≈....##
.##≈≈≈≈~.....#
#~~≈≈≈≈.....##
#≈≈≈≈≈~......#
#≈≈≈≈≈≈≈...÷.#
..≈≈≈≈≈≈≈.....#
..†≈≈≈≈≈~....##
.≈≈≈≈≈≈≈~..@.#
≈≈≈≈≈≈≈≈≈....#
~≈≈≈≈≈≈≈≈...##
#≈≈≈≈≈≈###'##
≈≈≈≈≈≈


KK. ≈≈≈≈≈≈ ..).. ≈≈≈≈≈≈##...## ≈≈≈≈≈ ..... #!.#.. You could see a kobold brigand
(unable to see you) and a kobold (unable to see you).

Vanquished Creatures
  A gnoll (D:1)
  5 adders
  3 river rats (Sewer)
  A dart slug (D:1)
  4 ball pythons
  4 endoplasms (D:1)
  A giant cockroach (D:1)
  2 jackals (D:1)
  3 quokkas (D:1)
  2 bats (D:1)
  4 frilled lizards
  2 goblins (D:1)
  6 kobolds
  17 rats
55 creatures vanquished.

Notes
Turn   | Place    | Note
-------+----------+-------------------------------------------
     0 | D:1      | Cheops the Deep Elf Conjurer began the quest for the Orb.
     0 | D:1      | Reached XP level 1. HP: 10/10 MP: 6/6
   124 | D:1      | Reached XP level 2. HP: 15/15 MP: 5/8
   341 | D:1      | Reached skill level 5 in Conjurations
   625 | D:1      | Reached XP level 3. HP: 19/19 MP: 8/10
  1259 | D:1      | Learned a level 2 spell: Searing Ray
  1263 | D:1      | Learned a level 3 spell: Dazzling Flash
  1326 | D:2      | You fall into a shaft and drop 2 floors!
  1410 | D:4      | Noticed Edmund
  1464 | D:3      | Found a glowing drain.
  1478 | Sewer    | Entered a sewer
  1510 | Sewer    | Reached skill level 5 in Spellcasting
  1575 | Sewer    | Reached XP level 4. HP: 24/24 MP: 4/13
  2024 | Sewer    | Noticed a kobold brigand
  2026 | Sewer    | Reached skill level 6 in Conjurations
  2030 | Sewer    | HP: 1/24 [poisoned by a kobold brigand (curare-tipped
                  | dart)]
  2031 | Sewer    | Succumbed to a kobold brigand's curare-tipped dart

Illustrated notes

Levels and vault maps discovered:
D:1:      heliophobic_arrival_battle_scene, layout_basic,
          kennysheep_another_room, nicolae_grassy_gnolls
D:2:      layout_loops_corners, uniq_crazy_yiuf_cottage
D:3:      cheibrodos_fertilizer, layout_basic, overflow_temple_1_default,
          hellmonk_ecumenical_altar_arch_garden, portal_sewer_entry_d
D:4:      layout_loops_ring, nemelex_spade_bored_becter,
          nicolae_yredelemnul_ghost_church, nicolae_elemental_shop,
          uniq_grinder, uniq_edmund, uniq_pikel
Sewer:    sewer_minmay_treatment

Skill      XL: |  1  2  3  4 |
---------------+-------------+-----
Conjurations   | 5 6 |  6.0
Spellcasting   | 4 5 |  5.0
Dodging        | |  2.4
Stealth        | |  2.4
Hexes          | |  0.2

Action                     |  1- 3 |  4- 6 || total
---------------------------+-------+-------++-------
   Cast: Magic Dart        |    52 |    23 ||    75
         Searing Ray       |     5 |     5 ||    10
    Use: Scroll            |     4 |       ||     4
         Potion            |       |     1 ||     1
 Armour: Robe              |     3 |       ||     3
  Dodge: Dodged            |     1 |     4 ||     5
